 Dungeon Crawl Stone Soup version 0.24.0-13-gcf9b319 (webtiles) character file.

Game seed: 1145434765925868811, levelgen mode: deterministic

10086 DJSashaDrone the Fighter (level 11, -2/68 HPs)
             Began as a Gargoyle Monk on Mar 9, 2020.
             Was an Elder of Makhleb.
             Slain by a white ugly thing (21 damage)
             ... on level 11 of the Dungeon.
             The game lasted 00:34:15 (10295 turns).

DJSashaDrone the Fighter (Gargoyle Monk)           Turns: 10295, Time: 00:34:15

Health: -2/68      AC: 16    Str: 20    XL:     11   Next: 56%
Magic:  19/19      EV: 15    Int: 11    God:    Makhleb [****..]
Gold:   733        SH:  0    Dex: 14    Spells: 10/21 levels left

rFire    . . .     SeeInvis .   z - +10 mace "Suvvupaber" {flame, +Rage rN+ Str+4}
rCold    . . .     Gourm    .   (no shield)
rNeg     + + .     Faith    .   v - +0 steam dragon scales
rPois    ∞         Spirit   .   A - +0 helmet
rElec    +         Reflect  .   y - scarf {cloud immunity}
rCorr    .         Harm     .   (no gloves)
MR       .....                  (no boots)
Stlth    +++.......             (no amulet)
HPRegen  0.21/turn              (no ring)
MPRegen  0.16/turn              (no ring)

@: no status effects
A: negative energy resistance 1, electricity resistance, unbreathing,
petrification resistance, rot immunity, AC +8
a: Minor Destruction, Lesser Servant of Makhleb, Major Destruction, Renounce
Religion, Evoke Berserk Rage


You were on level 11 of the Dungeon.
You worshipped Makhleb.
Makhleb was greatly pleased with you.
You were not hungry.

You visited 2 branches of the dungeon, and saw 12 of its levels.
You also visited: Sewer.

You collected 733 gold pieces.

Inventory:

Hand Weapons
 e - a +0 scythe
 s - a +6 trident
 z - the +10 mace "Suvvupaber" (weapon) {flame, +Rage rN+ Str+4}
   (You found it on level 7 of the Dungeon)

   It has been specially enchanted to burn those struck by it, causing extra
   injury to most foes and up to half again as much damage against particularly
   susceptible opponents.
   It affects your strength (+4).
   It protects you from negative energy.
   It lets you go berserk.
Missiles
 h - 8 throwing nets (quivered)
 t - 6 silver boomerangs
Armour
 d - a +2 cloak of magic resistance
 n - a scarf of spirit shield
 v - +0 steam dragon scales (worn)
 y - a scarf of cloud immunity (worn)
 A - a +0 helmet (worn)
Wands
 o - a wand of flame (21)
 r - a wand of paralysis (8)
 u - a wand of polymorph (9)
 x - a wand of random effects (46)
 B - a wand of iceblast (9)
 H - a wand of digging (6)
Scrolls
 f - 5 scrolls of remove curse
 i - 4 scrolls of fog
 j - a scroll of blinking
 k - 2 scrolls of amnesia
 m - 2 scrolls of fear
 p - 5 scrolls of teleportation
 G - a scroll of magic mapping {unknown}
 I - a scroll of identify
Potions
 a - a potion of lignification
 b - 2 potions of curing
 g - 4 potions of haste {unknown}
 l - a potion of mutation
 q - a potion of ambrosia
 w - a potion of resistance
 C - 2 potions of brilliance {unknown}
 D - a potion of magic {unknown}
 E - 2 potions of might {unknown}
 F - 2 potions of berserk rage
Comestibles
 c - 22 rations


   Skills:
 * Level 8.3 Fighting
 + Level 5.3 Maces & Flails
 + Level 6.8 Polearms
 + Level 3.2 Throwing
 * Level 7.4 Armour
 + Level 5.2 Dodging
 * Level 5.4 Stealth
 * Level 5.8 Spellcasting
 + Level 2.0 Necromancy
 * Level 4.8 Invocations
 * Level 3.1 Evocations


You had 10 spell levels left.
You knew the following spells:

 Your Spells              Type           Power        Failure   Level  Hunger
a - Animate Skeleton      Necr           N/A          9%          1    None
b - Vampiric Draining     Necr           #.........   26%         3    ###....
c - Regeneration          Chrm/Necr      #.........   36%         3    ###....
d - Animate Dead          Necr           N/A          63%         4    ####...

Your spell library contained the following spells:

 Spells                   Type           Power        Failure   Level  Hunger
 Pain                     Necr           #...         9%          1    None


Dungeon Overview and Level Annotations

Branches:
Dungeon (11/15)            Temple (1/1) D:5            Lair (0/6) D:8
    Orc (0/2) D:11          Sewer (visited)

Altars:
Ashenzari
Dithmenos
Fedhas
Gozag
Hepliaklqana
Kikubaaqudgha
Makhleb
Nemelex Xobeh
Okawaru
Qazlal
Ru
Sif Muna
Trog
Uskayaw
Vehumet
Wu Jian
Xom
Yredelemnul
Zin
The Shining One

Shops:
D:10 (

Annotations:
D:3 Ijyb


Innate Abilities, Weirdness & Mutations

You are resistant to torment.
Your stone body is resilient. (AC +8)
You are immune to poison.
You resist negative energy. (rN+)
You are resistant to electric shocks. (rElec)
You can survive without breathing.
You are immune to petrification.
You are immune to rotting.


Message History

The white ugly thing is splashed with acid.
The acid corrodes the white ugly thing!
The white ugly thing is severely wounded.
The white ugly thing is splashed with acid!
The white ugly thing tail-slaps you. The white ugly thing freezes you!
Okay, then.
Evoke which item? (* to show all) (? for menu, Esc to quit)
Okay, then.
Press: ? - help, v - describe, . - travel
Here: a white ugly thing (almost dead, covered in acid)
The floor.
Throwing (i - inventory. (/) - cycle)
h - 9 throwing nets (quivered)
Press: ? - help, Shift-Dir - straight line, f/p - white ugly thing
Aim: a white ugly thing (almost dead, covered in acid)
You throw a throwing net.
The throwing net completely misses the white ugly thing.
The white ugly thing tail-slaps you.
* * * LOW HITPOINT WARNING * * *
The white ugly thing freezes you!!
You die...

######.#######.#
#(.............#
#
#.####.###.#####
#. #.# #.# #.#
##.##.# ##.###.#
##...#.# #......#
#......###..#####
##...#u.....#
##.##@###..#
##.####.##.###..#
#...............#
#.####.##.####.#
#.##.# #.# #.##.<
.# ###.##### ##
#......# ######
#.#.##.#


You could see a white ugly thing.

Vanquished Creatures
  Harold (D:7)
  2 two-headed ogres
  Maurice (D:8)
  A guardian serpent (D:10)
  2 hippogriffs (D:11)
  A meliai zombie (D:11)
  Sigmund (D:2)
  10 yaks
  Grum (D:8)
  A steam dragon (D:6)
  A water moccasin (D:9)
  3 orc warriors
  A black bear (D:8)
  2 ice beasts (D:8)
  6 sky beasts
  7 ogres
  3 phantoms
  A centaur (D:6)
  4 wolves (D:8)
  2 big kobolds
  7 bullfrogs
  3 killer bees (D:9)
  5 wights (D:7)
  6 electric eels (D:6)
  A howler monkey (D:5)
  3 bullfrog zombies
  5 crimson imps
  A quasit (D:11)
  Crazy Yiuf (D:7)
  2 orc priests
  2 hounds (D:5)
  A jelly (D:9)
  2 centaur skeletons
  Jessica (D:3)
  An iguana (D:7)
  8 orc wizards
  4 worker ants
  A hound skeleton (D:7)
  A hound zombie (D:6)
  A howler monkey zombie (D:7)
  A worker ant zombie (D:8)
  9 gnolls
  11 adders
  A shadow imp (D:7)
  8 oozes
  An adder zombie (D:6)
  3 adder skeletons
  5 worms
  3 dart slugs
  9 leopard geckos
  39 orcs
  14 ball pythons
  14 giant cockroaches
  7 goblins
  6 hobgoblins
  2 jackals (D:1)
  4 quokkas
  8 bats
  20 frilled lizards
  A jackal skeleton (D:5)
  9 kobolds
  5 rats
287 creatures vanquished.

Vanquished Creatures (collateral kills)
  A bullfrog (D:10)
1 creature vanquished.

Vanquished Creatures (others)
  A plant (D:6)
1 creature vanquished.

Grand Total: 289 creatures vanquished

Notes
Turn   | Place    | Note
-------+----------+-------------------------------------------
     0 | D:1      | DJSashaDrone the Gargoyle Monk began the quest for the Orb.
     0 | D:1      | Reached XP level 1. HP: 14/14 MP: 1/1
   210 | D:1      | Reached XP level 2. HP: 14/19 MP: 2/2
   819 | D:2      | Reached XP level 3. HP: 19/23 MP: 3/3
   838 | D:2      | Reached skill level 1 in Armour
  1105 | D:2      | Noticed Sigmund
  1119 | D:2      | Killed Sigmund
  1119 | D:2      | Reached skill level 4 in Fighting
  1119 | D:2      | Reached skill level 1 in Spellcasting
  1119 | D:2      | Reached XP level 4. HP: 27/29 MP: 3/6
  1119 | D:2      | Reached XP level 5. HP: 31/33 MP: 3/7
  1431 | D:2      | Reached XP level 6. HP: 25/38 MP: 8/8
  1921 | D:2      | Found a sparkling altar of Nemelex Xobeh.
  2157 | D:3      | Found a bloodstained altar of Trog.
  2201 | D:3      | Noticed Jessica
  2214 | D:3      | Killed Jessica
  2228 | D:3      | Noticed Ijyb
  2241 | D:3      | Found a shadowy altar of Dithmenos.
  2543 | D:3      | You fall into a shaft and drop 2 floors!
  2543 | D:5      | Entered Level 5 of the Dungeon
  2834 | D:4      | Found a sparkling altar of Nemelex Xobeh.
  2834 | D:4      | Found an ancient bone altar of Kikubaaqudgha.
  2979 | D:4      | Reached XP level 7. HP: 44/44 MP: 10/10
  3137 | D:4      | Found a glowing drain.
  3143 | Sewer    | Entered a sewer
  3581 | Sewer    | Reached skill level 5 in Fighting
  3863 | D:4      | Reached XP level 8. HP: 39/50 MP: 9/12
  4461 | D:5      | Found a sacrificial altar of Ru.
  4483 | D:5      | Found a burning altar of Makhleb.
  4495 | D:5      | Became a worshipper of Makhleb the Destroyer
  4495 | D:5      | Reached * piety under Makhleb
  4495 | D:5      | Reached ** piety under Makhleb
  4613 | D:5      | Found a staircase to the Ecumenical Temple.
  4619 | Temple   | Entered the Ecumenical Temple
  4923 | D:6      | Reached skill level 5 in Polearms
  4945 | D:6      | Found a hide-covered altar of Uskayaw.
  5017 | D:6      | Reached skill level 1 in Throwing
  5742 | D:7      | Reached skill level 1 in Invocations
  5742 | D:7      | Reached skill level 1 in Evocations
  5792 | D:7      | Reached XP level 9. HP: 52/55 MP: 8/14
  5906 | D:7      | Reached skill level 6 in Fighting
  5931 | D:7      | Reached skill level 5 in Armour
  6312 | D:7      | Found a hazy altar of Hepliaklqana.
  6313 | D:7      | Found a basalt altar of Yredelemnul.
  6359 | D:7      | Found a runed translucent door.
  6360 | D:7      | Noticed Crazy Yiuf
  6402 | D:7      | Noticed Harold
  6422 | D:7      | Killed Harold
  6583 | D:7      | Killed Crazy Yiuf
  6589 | D:7      | Got a fine mace
  6591 | D:7      | Identified the +10 mace "Suvvupaber" {flame, +Rage rN+
                  | Str+4} (You found it on level 7 of the Dungeon)
  6647 | D:8      | Noticed Maurice
  6691 | D:8      | Reached XP level 10. HP: 53/61 MP: 10/16
  6726 | D:8      | Learned a level 1 spell: Animate Skeleton
  6756 | D:8      | Reached *** piety under Makhleb
  6833 | D:8      | Reached skill level 1 in Maces & Flails
  6915 | D:8      | Found a staircase to the Lair.
  6924 | D:8      | Noticed Grum
  6930 | D:8      | Noticed a two-headed ogre
  6945 | D:8      | Killed Grum
  6951 | D:8      | Killed Maurice
  6951 | D:8      | Reached skill level 1 in Necromancy
  7152 | D:8      | Learned a level 3 spell: Vampiric Draining
  7156 | D:8      | Learned a level 3 spell: Regeneration
  7230 | D:8      | Killed a two-headed ogre
  7230 | D:8      | Reached skill level 7 in Fighting
  7230 | D:8      | Reached skill level 5 in Spellcasting
  7607 | D:9      | Reached XP level 11. HP: 46/68 MP: 18/18
  7649 | D:9      | Reached **** piety under Makhleb
  7769 | D:9      | Found Fiffy's Jewellery Boutique.
  8276 | D:10     | Entered Level 10 of the Dungeon
  8328 | D:10     | Found Ehybiuc's Weapon Boutique.
  8405 | D:10     | Noticed a two-headed ogre
  8423 | D:10     | Killed a two-headed ogre
  8423 | D:10     | Reached skill level 8 in Fighting
  8423 | D:10     | Reached skill level 5 in Dodging
  8423 | D:10     | Reached skill level 5 in Stealth
  8796 | D:10     | Learned a level 4 spell: Animate Dead
  9600 | D:11     | Reached skill level 5 in Maces & Flails
  9629 | D:11     | Found a staircase to the Orcish Mines.
 10259 | D:11     | Noticed a white ugly thing
 10295 | D:11     | Slain by a white ugly thing

Levels and vault maps discovered:
D:1:      ebering_trefoil_twist, layout_loops_ring
D:2:      layout_basic, grunt_ministairs_1, nemelex_dance_club_becter,
          uniq_sigmund
D:3:      layout_loops_ring, lemuel_round_altar, lemuel_coloured_pillars_altar,
          kennysheep_slug_shrine, first_ration, trog_three_pillars_becter,
          uniq_ijyb, uniq_jessica
D:4:      layout_loops_ring, amethyst_overflow_temple_binary,
          gup_sewer_entry_bubbles, chequers_serial_rivers_marsh
D:5:      layout_cave_pools, nicolae_ru_awakened_eye, makhleb_heckhound_becter,
          minmay_temple_entry_fiery
D:6:      cheibrodos_two_vegetables, layout_basic,
          eat_drink_and_be_merry_uskayaw
D:7:      layout_rooms, gammafunk_temple_overflow_statue, grunt_ogre_cave,
          serial_bayou_pond_c, uniq_harold, uniq_crazy_yiuf_cottage
D:8:      layout_basic, lair_entry_dummy, uniq_maurice, uniq_grum
D:9:      layout_cave_pools, serial_shops, shop
D:10:     layout_layer_cave, serial_shops, nicolae_shop_trees, kennysheep_nub,
          nrook_guardian_serpent_ordinary
D:11:     layout_loops_corners, hiddenorc1_lemuel
Temple:   hc_temple_tempest_star

Skill      XL: |  1  2  3  4  5  6  7  8  9 10 11 |
---------------+----------------------------------+-----
Polearms       | 3 4 5 6 |  6.8
Armour         | 2 3 4 5 6 7 |  7.4
Fighting       | 4 5 6 7 8 |  8.3
Dodging        | 3 4 5 |  5.2
Spellcasting   | 1 2 3 4 5 |  5.8
Stealth        | 3 4 5 |  5.4
Throwing       | 1 3 |  3.2
Invocations    | 1 2 4 |  4.8
Evocations     | 1 2 3 |  3.1
Maces & Flails | 4 5 |  5.3
Necromancy     | 1 2 |  2.0

Action                   |  1- 3 |  4- 6 |  7- 9 | 10-12 || total
-------------------------+-------+-------+-------+-------++-------
Melee: Spear             |   117 |   205 |   280 |       ||   602
       Trident           |       |       |   239 |       ||   239
       Mace              |       |       |     5 |   333 ||   338
Throw: Throwing net      |       |       |     2 |     1 ||     3
 Cast: Animate Dead      |       |       |       |     1 ||     1
       Animate Skeleton  |       |       |       |     1 ||     1
Invok: Minor Destruction |       |       |    10 |    21 ||    31
 Abil: Evoke Berserk Rag |       |       |       |     1 ||     1
Evoke: Wand              |       |       |     3 |       ||     3
  Use: Scroll            |     3 |     8 |    10 |     4 ||    25
       Potion            |     1 |     2 |     3 |       ||     6
 Stab: Sleeping          |     2 |     6 |     4 |     3 ||    15
       Paralysed         |       |       |     5 |       ||     5
  Eat: Chunk             |     1 |     6 |     9 |    14 ||    30
       Ration            |       |       |     1 |       ||     1
Armor: Robe              |    13 |       |       |       ||    13
       Leather armour    |    39 |    48 |   185 |       ||   272
       Steam dragon scal |       |       |    46 |   178 ||   224
Dodge: Dodged            |    89 |   127 |   484 |   331 ||  1031
